Map: Winter Madness LE

Players

SCIInewby - Winner!

  • Race: Protoss Protoss
  • League: Master
  • Spawn Location: 5:00

Bassist

  • Race: Terran Terran
  • League: Silver
  • Spawn Location: 11:00

VOD

Have the link to the VOD?

Description

Time

  • Played on: Feb. 7, 2026, 2:48 p.m.
  • Length: 11:52
Show
View Real Time Build Order
Export as new Build Order

SCIInewby Protoss - Winner!

Build Orders:  

Get SALT Encoding   

  12  0:01  Probe  
  13  0:13  Probe  
  14  0:23  Pylon  
  14  0:25  Probe  
  15  0:41  Probe, Forge  
  16  0:53  Probe  
  17  1:00  Gateway  
  16  1:18  Photon Cannon  
  16  1:20  Probe  
  17  1:46  Nexus  
  17  1:49  Zealot  
  19  1:57  Cybernetics Core  
  19  2:01  Assimilator  
  19  2:06  Assimilator  
  20  2:08  Probe  
  20  2:17  Pylon  
  20  2:22  Zealot  
  22  2:24  Probe  
  22  2:26  Warp Gate  
  23  2:32  Probe  
  24  2:40  Probe  
  25  2:52  Probe  
  25  2:57  Probe  
  26  3:00  Probe  
  28  3:05  Probe  
  28  3:06  Protoss Ground Armor Level 1  
  28  3:10  Probe  
  28  3:11  Gateway  
  30  3:22  Probe  
  30  3:23  Probe  
  32  3:35  Probe x2  
  32  3:38  Gateway  
  34  3:45  Gateway  
  34  3:59  Stargate, Probe  
  35  4:02  Probe  
  35  4:03  Assimilator  
  35  4:07  Assimilator, Probe  
  36  4:14  Probe  
  38  4:17  Probe  
  39  4:27  Probe  
  39  4:30  Gateway  
  39  4:31  Pylon  
  40  4:35  Stalker  
  40  4:37  Stalker  
  44  4:39  Protoss Air Weapons Level 1  
  44  4:54  Zealot x2, Twilight Council  
  44  4:56  Probe x2  
  50  5:08  Probe x2  
  52  5:18  Fleet Beacon  
  52  5:19  Zealot  
  54  5:31  Pylon x2  
  54  5:46  Phoenix  
  54  5:49  Probe x2, Charge  
  58  5:51  Photon Cannon  
  58  6:01  Probe x2  
  60  6:05  Photon Cannon  
  60  6:07  Pylon  
  60  6:08  Zealot  
  60  6:10  Zealot  
  60  6:11  Pylon, Zealot  
  66  6:12  Zealot  
  66  6:15  Zealot  
  70  6:27  Carrier  
  76  6:35  Dark Shrine  
  76  6:53  Probe x2  
  78  6:58  Zealot  
  78  6:59  Zealot x2, Nexus  
  82  7:21  Stalker  
  82  7:22  Stalker  
  86  7:25  Protoss Ground Weapons Level 1  
  86  7:31  Pylon  
  86  7:38  Pylon  
  86  7:39  Carrier  
  86  7:40  Pylon  
  86  7:43  Pylon  
  86  7:49  Probe x2  
  94  8:01  Probe x2, Blink  
  94  8:03  Pylon  
  96  8:05  Pylon  
  96  8:08  Pylon  
  96  8:13  Probe  
  96  8:17  Probe x2  
  96  8:18  Protoss Air Armor Level 1  
  98  8:24  Zealot  
  98  8:25  Probe x2  
  102  8:29  Probe  
  102  8:30  Dark Templar  
  102  8:32  Dark Templar  
  108  8:37  Probe  
  108  8:38  Dark Templar  
  111  8:42  Dark Templar  
  113  9:01  Dark Templar  
  77  9:20  Dark Templar, Zealot  
  77  9:21  Zealot x2  
  79  9:34  Zealot  
  81  9:52  Carrier  
  87  9:55  Probe x3  
  87  9:59  Zealot x3  
  94  10:00  Zealot x2  
  98  10:17  Zealot  
  98  10:18  Zealot x4  
  87  11:13  Zealot x4  
  87  11:14  Zealot  
Show
View Real Time Build Order
Export as new Build Order

Bassist Terran 

Build Orders:  

Get SALT Encoding   

  12  0:13  SCV  
  13  0:15  Supply Depot  
  13  0:25  SCV  
  14  0:38  SCV  
  14  0:40  Supply Depot  
  15  1:06  Barracks  
  15  1:10  SCV, Refinery  
  16  1:22  Supply Depot  
  16  1:23  SCV  
  17  1:36  SCV  
  18  1:51  SCV  
  19  1:57  Marine  
  20  2:03  Barracks  
  20  2:09  SCV  
  21  2:16  Marine  
  22  2:23  SCV  
  22  2:27  Refinery  
  23  2:36  SCV  
  23  2:37  Marine  
  25  2:46  Factory  
  25  2:48  Engineering Bay  
  25  2:50  Orbital Command  
  25  2:54  Barracks Reactor  
  25  2:59  Marine  
  26  3:08  Supply Depot  
  26  3:17  SCV  
  27  3:20  Marine  
  28  3:29  SCV  
  28  3:33  Starport  
  29  3:37  Missile Turret  
  29  3:42  SCV  
  29  3:44  Factory Tech Lab  
  29  3:45  Marine  
  29  3:46  Marine  
  32  3:54  Barracks Tech Lab  
  32  4:01  Supply Depot  
  32  4:07  Command Center  
  32  4:13  Cyclone  
  35  4:20  Stimpack  
  35  4:27  SCV  
  36  4:31  Medivac  
  36  4:34  Marine  
  36  4:35  Marine  
  40  4:45  SCV  
  41  4:53  Cyclone  
  44  5:02  Marine x2  
  46  5:11  Starport Reactor  
  46  5:14  Marauder  
  48  5:22  Orbital Command  
  48  5:25  SCV  
  48  5:28  Siege Tank  
  52  5:40  Missile Turret  
  52  5:42  Marauder  
  54  5:47  Orbital Command  
  54  5:48  Marine x2  
  56  5:51  Supply Depot  
  56  6:01  Missile Turret  
  56  6:06  Siege Tank  
  56  6:07  Marine x2  
  61  6:17  Marine  
  62  6:19  Concussive Shells  
  62  6:30  SCV x2  
  64  6:48  Missile Turret  
  64  6:49  Missile Turret  
  64  6:50  Marine x2  
  64  6:52  Medivac x2  
  70  7:04  SCV x2  
  70  7:08  Hi-Sec Auto Tracking  
  72  7:16  SCV x2  
  72  7:20  Refinery x2  
  74  7:25  Command Center  
  74  7:28  SCV x2  
  76  7:34  Supply Depot, Marine x2  
  76  7:36  Supply Depot  
  78  7:37  Supply Depot  
  78  7:38  Supply Depot  
  78  7:47  Armory  
  78  7:55  SCV x2  
  80  8:02  Bunker  
  80  8:09  Starport  
  80  8:14  Fusion Core  
  80  8:15  Marine x2  
  80  8:18  Combat Shield  
  84  8:20  Marauder  
  84  8:33  Marine x2  
  84  8:34  Barracks, SCV  
  86  8:37  SCV  
  88  8:42  Barracks  
  81  9:14  Viking  
  47  9:44  Viking  
  29  10:10  Viking  
  29  10:11  Viking  
  33  10:14  Thor  
  39  10:40  Viking  
  43  10:49  Marine  
  38  10:59  Viking  
Tags
 
Add a new tag
Caveats
  • Supply blocks, unpowered buildings, or Contaminate may cause inaccurate times.
  • Supply counts are checked every 10 seconds.